 Dungeon Crawl Stone Soup version 0.21.1-1-g345015fe64 (webtiles) character file.

741 Masnef the Covert (level 7, 32/32 HPs)
             Began as a Spriggan Enchanter on June 27, 2018.
             Was a Believer of Jiyva.
             Quit the game on level 5 of the Dungeon on June 28, 2018.
             The game lasted 00:17:20 (7082 turns).

Masnef the Covert (Spriggan Enchanter)              Turns: 7082, Time: 00:17:20

Health: 32/32      AC:  4    Str:  4    XL:     7   Next: 47%
Magic:  14/14      EV: 19    Int: 20    God:    Jiyva [**....]
Gold:   118        SH:  0    Dex: 17    Spells: 5/14 levels left

rFire    . . .     SeeInvis +   a - +1 dagger
rCold    + . .     Gourm    .   (shield restricted)
rNeg     . . .     Faith    .   k - +1 robe {MR+}
rPois    .         Spirit   .   (helmet restricted)
rElec    .         Reflect  .   o - +0 cloak
rCorr    .         Harm     .   (gloves unavailable)
MR       ++...                  (boots unavailable)
Stlth    ++++......             (no amulet)
HPRegen  0.10/turn              i - ring of protection from cold
MPRegen  0.14/turn              r - +2 ring of intelligence

@: very quick
A: very small, unfitting armour, see invisible, herbivore, speed 3, slow
metabolism 2
a: Request Jelly, Renounce Religion


You were on level 5 of the Dungeon.
You worshipped Jiyva.
Jiyva was pleased with you.
You were not hungry.

You visited 2 branches of the dungeon, and saw 6 of its levels.

You collected 118 gold pieces.

Inventory:

Hand Weapons
 a - a +1 dagger (weapon)
Armour
 b - a +0 robe
 k - a +1 robe of magic resistance (worn)
 o - a +0 cloak (worn)
Jewellery
 i - a ring of protection from cold (left hand)
 m - an uncursed ring of flight
 q - an uncursed amulet of the gourmand {unknown}
 r - a +2 ring of intelligence (right hand)
 t - an uncursed ring of see invisible
Wands
 w - a wand of iceblast (3)
Scrolls
 d - a scroll of magic mapping
 e - 3 scrolls of identify
 n - a scroll of blinking
 p - 3 scrolls of random uselessness
 s - a scroll of remove curse
 v - a scroll of fog {unknown}
Potions
 f - 2 potions of lignification
 g - 2 potions of degeneration {unknown}
 h - 3 potions of curing
 l - a potion of might {unknown}
 u - 2 potions of heal wounds {unknown}
Books
 c - a book of Maledictions

   Spells                             Type                      Level
   a - Corona                         Hexes                        1
   b - Ensorcelled Hibernation        Hexes/Ice                    2
   c - Confuse                        Hexes                        3
   d - Tukima's Dance                 Hexes                        3
   e - Dazzling Spray                 Conjuration/Hexes            3
Comestibles
 j - a ration


   Skills:
 * Level 5.3 Short Blades
 + Level 3.8 Dodging
 + Level 9.1 Stealth
 + Level 4.4 Spellcasting
 + Level 4.7 Hexes


You had 5 spell levels left.
You knew the following spells:

 Your Spells              Type           Power        Failure   Level  Hunger
a - Corona                Hex            ###....      1%          1    None
b - Ensorcelled Hibernat  Hex/Ice        ##....       7%          2    #......
c - Confuse               Hex            ###.....     5%          3    ###....
d - Dazzling Spray        Conj/Hex       ##....       14%         3    ###....


Dungeon Overview and Level Annotations

Branches:
Dungeon (5/15)             Temple (1/1) D:4

Altars:
Ashenzari
Fedhas
Gozag
Makhleb
Nemelex Xobeh
Okawaru
Qazlal
Ru
Trog
Vehumet
Yredelemnul
Zin
The Shining One
Jiyva


Innate Abilities, Weirdness & Mutations

You are very small and have problems with some larger weapons.
You are too small for most types of armour.
You have supernaturally acute eyesight. (SInv)
You are a herbivore.
You cover ground extremely quickly.
You need consume almost no food.


Message History

HP restored.
Unknown command.
Unknown command.
h - 3 potions of curing (gained 1)
You hear a distant slurping noise.
Jiyva appreciates your sacrifice.
You hear a distant slurping noise.
You hear a distant slurping noise.
Found a stone staircase leading up.
You hear a distant slurping noise.
Found a glowing silver altar of Zin.
Found a stone staircase leading down.
There is a stone staircase leading down here.
Found a stone staircase leading down.
You now have 118 gold pieces (gained 11).
You open the door.
There is an open door here.
You hear a distant slurping noise.
A crimson imp comes into view.
Are you sure you want to abandon this character and quit the game? (Confirm with "yes".)

#.....#.........#
###.....#.........#
#.'.....#........##
#.#.....#........#
#.#.....#........#
#.#.........#....#
####......#..#
#.............
#.###@........+ #
#........ #........
#.....#.. #.....# .
#.....# #.....#
##.5.##


You could see a crimson imp (sleeping).

Vanquished Creatures
  The ghost of terminal the Insei, an amateur OpTm of Ru (D:4)
  A howler monkey (D:4)
  2 orc priests
  7 orc wizards
  2 iguanas (D:4)
  A hound zombie (D:5)
  8 adders
  A shadow imp (D:5)
  2 adder skeletons
  3 worms
  6 dart slugs
  6 leopard geckos
  11 orcs
  7 bats
  2 giant cockroaches (D:3)
  9 goblins
  11 hobgoblins
  13 jackals
  6 kobolds
  2 quokkas (D:4)
  2 frilled lizards
  6 rats
109 creatures vanquished.

Vanquished Creatures (others)
  A crimson imp (D:5)
  An orc priest (D:5)
  An orc wizard (D:5)
  2 orcs (D:5)
  2 jackals (D:5)
7 creatures vanquished.

Grand Total: 116 creatures vanquished

Notes
Turn   | Place    | Note
-------+----------+-------------------------------------------
     0 | D:1      | Masnef the Spriggan Enchanter began the quest for the Orb.
     0 | D:1      | Reached XP level 1. HP: 9/9 MP: 5/5
   205 | D:1      | Reached skill level 5 in Stealth
   221 | D:1      | Reached XP level 2. HP: 13/13 MP: 6/6
   238 | D:1      | Learned a level 2 spell: Ensorcelled Hibernation
  1250 | D:2      | Reached XP level 3. HP: 12/16 MP: 2/8
  1254 | D:2      | Reached skill level 6 in Stealth
  1438 | D:2      | Found a sacrificial altar of Ru.
  1652 | D:2      | Reached XP level 4. HP: 18/21 MP: 9/9
  1824 | D:2      | Learned a level 3 spell: Confuse
  2187 | D:2      | Reached skill level 7 in Stealth
  2386 | D:2      | Found an iron altar of Okawaru.
  3330 | D:3      | Reached XP level 5. HP: 24/24 MP: 10/10
  3370 | D:3      | HP: 1/24 [orc wizard/magic dart (9)]
  3839 | D:3      | Reached skill level 8 in Stealth
  4326 | D:4      | Reached XP level 6. HP: 28/28 MP: 11/11
  4355 | D:4      | Learned a level 3 spell: Dazzling Spray
  4422 | D:4      | Found an opulent altar of Gozag.
  4874 | D:4      | HP: 1/28 [orc priest/divine providence (14)]
  5610 | D:4      | Noticed terminal's ghost (amateur OpTm)
  5630 | D:4      | Killed terminal's ghost
  5630 | D:4      | Reached XP level 7. HP: 32/32 MP: 4/14
  5989 | D:4      | Found a faded altar of an unknown god.
  5991 | D:4      | Found a staircase to the Ecumenical Temple.
  6004 | Temple   | Entered the Ecumenical Temple
  6150 | Temple   | Became a worshipper of Jiyva Jeolamm the Shapeless
  6285 | D:4      | Reached skill level 5 in Short Blades
  6407 | D:4      | Reached skill level 9 in Stealth
  6562 | D:5      | Entered Level 5 of the Dungeon
  6677 | D:5      | Reached * piety under Jiyva
  6949 | D:5      | Reached ** piety under Jiyva
  7033 | D:5      | Found a glowing silver altar of Zin.
  7082 | D:5      | Quit the game

Skill      XL: |  1  2  3  4  5  6  7 |
---------------+----------------------+-----
Stealth        | 5 6 7 8 9 |  9.1
Short Blades   | 2 3 4 5 |  5.3
Spellcasting   | 3 4 |  4.4
Hexes          | 4 |  4.7
Dodging        | |  3.8

Action                   |  1- 3 |  4- 6 |  7- 9 || total
-------------------------+-------+-------+-------++-------
Melee: Dagger            |   109 |   345 |    99 ||   553
 Cast: Ensorcelled Hiber |    15 |    40 |     4 ||    59
       Confuse           |       |     3 |     2 ||     5
  Use: Scroll            |       |     7 |       ||     7
       Potion            |       |     2 |       ||     2
 Stab: Sleeping          |    22 |    25 |     9 ||    56
       Distracted        |     2 |     1 |       ||     3
       Confused          |       |     1 |     1 ||     2
       Fleeing           |       |     1 |       ||     1
  Eat: Ration            |       |     3 |     1 ||     4
Armor: Robe              |    10 |    45 |     7 ||    62
       Skin              |       |    16 |       ||    16
Dodge: Dodged            |   100 |   271 |    57 ||   428
